 Dungeon Crawl Stone Soup version 0.23.2-33-g5129a83184 (webtiles) character file.

Game seed: 7469390569388946203

807 FABLE the Ruffian (level 7, -12/68 HPs)
             Began as a Troll Berserker on July 9, 2019.
             Was a Priest of Trog.
             Mangled by a hornet (15 damage)
             ... on level 5 of the Dungeon.
             The game lasted 00:14:22 (2740 turns).

FABLE the Ruffian (Troll Berserker)                 Turns: 2740, Time: 00:14:22

Health: -12/68     AC:  6    Str: 28    XL:     7   Next: 60%
Magic:  6/6        EV: 11    Int:  3    God:    Trog [***...]
Gold:   240        SH:  0    Dex:  9    Spells: 6/6 levels left

rFire    . . .     SeeInvis .   o - +1 falchion (slice)
rCold    . . .     Gourm    +   (no shield)
rNeg     . . .     Faith    .   a - +0 animal skin
rPois    .         Spirit   .   (helmet restricted)
rElec    .         Reflect  .   (no cloak)
rCorr    +         Harm     .   (gloves unavailable)
MR       ++...                  (boots unavailable)
Stlth    +.........             s - amulet of the acrobat
HPRegen  1.61/turn              l - ring of resist corrosion
MPRegen  0.10/turn              (no ring)

@: lethally poisoned (-12 -> -13), regenerating
A: large, unfitting armour, claws 3, fast metabolism 3, gourmand, regeneration
1, shaggy fur 1, tough skin 3
a: Berserk, Trog's Hand, Renounce Religion


You were on level 5 of the Dungeon.
You worshipped Trog.
Trog was most pleased with you.
You were very full.

You visited 1 branch of the dungeon, and saw 5 of its levels.

You collected 240 gold pieces.

Inventory:

Hand Weapons
 d - a +0 dagger
 o - a +1 falchion of slicing (weapon)
Armour
 a - a +0 animal skin (worn)
 c - a +0 cloak
Jewellery
 l - a ring of resist corrosion (left claw)
 s - an amulet of the acrobat (around neck)
Wands
 q - a wand of paralysis (9)
Scrolls
 i - 2 scrolls of teleportation {unknown}
 j - 5 scrolls of identify {unknown}
 k - 2 scrolls of noise {unknown}
 m - a scroll of enchant weapon {unknown}
 n - a scroll of remove curse {unknown}
 p - 2 scrolls of immolation {unknown}
Potions
 e - a potion of resistance {unknown}
 f - 2 potions of lignification {unknown}
 g - a potion of curing {unknown}
 h - 4 potions of agility {unknown}
 r - 2 potions of heal wounds {unknown}
 u - 2 potions of haste {unknown}
 v - a potion of brilliance {unknown}
Comestibles
 b - 6 rations


   Skills:
 + Level 3.8 Fighting
 + Level 3.9 Long Blades
 + Level 4.3 Dodging
 + Level 0.2 Stealth
 + Level 4.9 Unarmed Combat


You had 6 spell levels left.
You didn't know any spells.
Your spell library was empty.

Dungeon Overview and Level Annotations

Branches:
Dungeon (5/15)
 Temple: D:4-7

Altars:
Qazlal
Sif Muna
Xom


Innate Abilities, Weirdness & Mutations

You are too large for most types of armour.
You have claws for hands.
Your metabolism is lightning-fast.
You like to eat raw meat.
Your natural rate of healing is unusually fast.
You are covered in fur. (AC +1)
You have extremely tough skin. (AC +3)


Message History

You can move again.
Unknown command.
Your skin crawls.
You feel resistant to hostile enchantments.
You feel somewhat less full.
You feel sick. The hornet stings you!
* * * LOW HITPOINT WARNING * * *
You feel as though you will be slow longer.
The hornet stings you but does no damage.
You closely miss the hornet.
You feel sick. The hornet stings you!
* * * LOW HITPOINT WARNING * * *
You shrug off the repeated paralysis!
The hornet stings you.
* * * LOW HITPOINT WARNING * * *
You feel as though you will be slow longer.
The hornet closely misses you.
You riposte.
You closely miss the hornet.
It was a potion of cancellation.
Your magical effects are unravelling.
You feel magically purged.
You feel yourself speed up. The hornet stings you!
You die...

#.###...##
...###<## .... #.#
... ..# .. ####
###############
#.............#
####.#####.#####.#
#.....####.# #.#
#..y@...# #.#
#.#####.# #.# ####
#.#####.## ...#.
.........# .⌠....
########.####
...#.. #..)....#
#### #.##.##.#
...#### #.##.##.#
....... #.##..#.#


You could see a hornet.

Vanquished Creatures
  A sky beast (D:5)
  A phantom (D:4)
  A centaur (D:5)
  3 crimson imps
  A bullfrog zombie (D:5)
  2 jellies (D:3)
  An orc priest (D:3)
  A hound (D:4)
  A bullfrog skeleton (D:2)
  2 iguanas (D:4)
  A worker ant (D:4)
  3 gnolls (D:3)
  2 adders
  A shadow imp (D:5)
  9 oozes (D:3)
  An adder zombie (D:5)
  A dart slug (D:3)
  2 leopard geckos
  11 orcs (D:3)
  7 bats
  3 giant cockroaches
  7 goblins
  8 hobgoblins
  9 jackals
  10 kobolds
  3 quokkas
  5 ball pythons
  A frilled lizard (D:1)
  7 rats
105 creatures vanquished.

Vanquished Creatures (others)
  2 fungi (D:3)
  7 toadstools (D:3)
9 creatures vanquished.

Grand Total: 114 creatures vanquished

Notes
Turn   | Place    | Note
-------+----------+-------------------------------------------
     0 | D:1      | FABLE the Troll Berserker began the quest for the Orb.
     0 | D:1      | Reached XP level 1. HP: 22/22 MP: 0/0
   323 | D:1      | Reached XP level 2. HP: 29/29 MP: 1/1
   905 | D:2      | Reached ** piety under Trog
   916 | D:2      | Noticed a crimson imp
   925 | D:2      | Killed a crimson imp
   925 | D:2      | Reached XP level 3. HP: 36/36 MP: 2/2
  1007 | D:2      | Found a deep blue altar of Sif Muna.
  1046 | D:2      | Reached XP level 4. HP: 36/44 MP: 3/3
  1084 | D:2      | Found a shimmering altar of Xom.
  1353 | D:3      | Found a stormy altar of Qazlal.
  1469 | D:3      | Reached XP level 5. HP: 42/53 MP: 4/4
  1609 | D:3      | Reached *** piety under Trog
  1756 | D:3      | Reached skill level 1 in Long Blades
  1765 | D:3      | Reached XP level 6. HP: 36/61 MP: 5/5
  2308 | D:4      | Reached XP level 7. HP: 67/67 MP: 6/6
  2474 | D:5      | Entered Level 5 of the Dungeon
  2732 | D:5      | Noticed a hornet
  2736 | D:5      | Paralysed by a hornet for 2 turns
  2739 | D:5      | HP: 1/68 [hornet (4)]
  2740 | D:5      | Mangled by a hornet

Skill      XL: |  1  2  3  4  5  6  7 |
---------------+----------------------+-----
Dodging        | 3 4 |  4.3
Unarmed Combat | 4 |  4.9
Fighting       | 3 |  3.8
Long Blades    | 1 3 |  3.9
Stealth        | |  0.2

Action                   |  1- 3 |  4- 6 |  7- 9 || total
-------------------------+-------+-------+-------++-------
Melee: Unarmed           |    63 |    43 |       ||   106
       Falchion          |       |   159 |    73 ||   232
       Punch             |       |     4 |     1 ||     5
Invok: Trog's Hand       |       |     3 |     1 ||     4
Evoke: Wand              |       |     1 |       ||     1
  Use: Potion            |       |     1 |     1 ||     2
  Eat: Chunk             |     5 |    16 |     7 ||    28
       Ration            |       |     1 |       ||     1
Armor: Animal skin       |    17 |    82 |    31 ||   130
Dodge: Dodged            |    39 |   146 |    55 ||   240
       Rpst.: Falchion   |       |    45 |    19 ||    64
